 Dungeon Crawl Stone Soup version 0.26-a0-665-gefeb406119 (webtiles) character file.

Game seed: 6037592821158286605

303 robertstho the Ruffian (level 6, -1/61 HPs)
             Began as a Troll Fighter on Oct 14, 2020.
             Killed from afar by an orc wizard (2 damage)
             ... with a puff of frost
             ... on level 4 of the Dungeon.
             The game lasted 00:02:49 (1966 turns).

robertstho the Ruffian (Troll Fighter)              Turns: 1966, Time: 00:02:49

Health: -1/61      AC:  6    Str: 26    XL:     6   Next: 15%
Magic:  5/5        EV:  8    Int:  5    God:
Gold:   146        SH:  9    Dex:  9    Spells: 5/5 levels left

rFire    . . .     SeeInvis .     - Unarmed
rCold    . . .     Faith    .   b - +0 kite shield
rNeg     . . .     Spirit   .   a - +0 robe
rPois    .         Reflect  .   (helmet restricted)
rElec    .         Harm     .   (no cloak)
rCorr    .         Rampage  .   (gloves unavailable)
MR       .....                  (boots unavailable)
Stlth    +.........             (no amulet)
HPRegen  0.60/turn              (no ring)
MPRegen  0.09/turn              (no ring)

@: mighty, slowed, very slow
A: large, unfitting armour, claws 3, regeneration 1, shaggy fur 1, tough skin 3
a: no special abilities


You were on level 4 of the Dungeon.
You visited 1 branch of the dungeon, and saw 4 of its levels.

You collected 146 gold pieces.

Inventory:

Armour
 a - a +0 robe (worn)
 b - a +0 kite shield (worn)
Jewellery
 p - an uncursed ring of magical power
Wands
 i - a wand of flame (17)
 m - a wand of random effects (28)
Scrolls
 d - 2 scrolls of identify {unknown}
 e - a scroll of random uselessness {unknown}
 f - 2 scrolls of fear {unknown}
 g - a scroll of enchant armour {unknown}
 h - 2 scrolls of noise {unknown}
 j - a scroll of amnesia {unknown}
Potions
 l - 2 potions of mutation {unknown}
 n - a potion of resistance {unknown}
 o - a potion of heal wounds {unknown}


   Skills:
 * Level 3.3 Fighting
 + Level 2.9 Dodging
 + Level 0.1 Stealth
 + Level 3.2 Shields
 * Level 4.8 Unarmed Combat


You had 5 spell levels left.
You didn't know any spells.
Your spell library was empty.

Dungeon Overview and Level Annotations

Branches:
Dungeon (4/15)
 Temple: D:4-7

Altars:
Makhleb
Qazlal

Annotations:
D:4 Sigmund


Innate Abilities, Weirdness & Mutations

You are too large for most types of armour.
You have claws for hands.
Your natural rate of healing is unusually fast.
You are covered in fur. (AC +1)
You have extremely tough skin. (AC +3)


Message History

You feel very mighty all of a sudden.
The orc wizard hits you with a +2 dagger of freezing.
The orc wizard freezes you. The orc wizard casts a spell at you.
The puff of frost hits you!
* * * LOW HITPOINT WARNING * * *
The orc hits you with a +0 club.
* * * LOW HITPOINT WARNING * * *
Something hits you.
* * * LOW HITPOINT WARNING * * *
x2 The orc wizard hits you but does no damage.
You scratch the orc wizard.
The orc wizard is moderately wounded.
You block the orc's attack. The orc wizard closely misses you.
Something hits you.
* * * LOW HITPOINT WARNING * * *
x2 You block the orc's attack.
The orc wizard gestures at you while chanting.
The puff of frost hits you.
You die...

#... .. #... ..## #...
..# # #... ..# # #..$
#.# #.# # ..{ #.# #.# #
######o#####.#.###.#####
......o@................
####.#.#..?..#.###.####.
...#.#####.# #<#....
#######.#...#.#####.##.
........#...#..........
....................<..
#########...#######.###
########...#######.###
...........#..........


You could see an orc wizard (fast) and an orc.

Vanquished Creatures
  An orc wizard (D:4)
  Jessica (D:3)
  Terence (D:3)
  Natasha (thrice) (D:3)
  A gnoll (D:1)
  3 adders
  2 worms
  4 dart slugs
  5 leopard geckos
  8 orcs
  9 bats
  2 giant cockroaches
  12 goblins
  6 hobgoblins
  4 jackals (D:1)
  14 kobolds
  3 quokkas
  2 frilled lizards (D:2)
  6 rats
87 creatures vanquished.

Notes
Turn   | Place    | Note
-------+----------+-------------------------------------------
     0 | D:1      | robertstho the Troll Fighter began the quest for the Orb.
     0 | D:1      | Reached XP level 1. HP: 22/22 MP: 0/0
    95 | D:1      | Reached XP level 2. HP: 29/29 MP: 1/1
   245 | D:1      | Reached XP level 3. HP: 36/36 MP: 2/2
   745 | D:2      | Reached XP level 4. HP: 45/45 MP: 3/3
   751 | D:2      | Found a burning altar of Makhleb.
   751 | D:2      | Noticed a green death
   754 | D:2      | Noticed a ynoxinul
   754 | D:2      | Noticed a ynoxinul
   787 | D:2      | Reached skill level 3 in Unarmed Combat
  1035 | D:2      | Found a stormy altar of Qazlal.
  1267 | D:3      | Noticed Natasha
  1279 | D:3      | Killed Natasha
  1279 | D:3      | Reached XP level 5. HP: 46/53 MP: 4/4
  1285 | D:3      | Noticed Natasha
  1295 | D:3      | Killed Natasha
  1336 | D:3      | Noticed Natasha
  1348 | D:3      | Killed Natasha
  1348 | D:3      | Reached skill level 4 in Unarmed Combat
  1531 | D:3      | Noticed Terence
  1536 | D:3      | Killed Terence
  1583 | D:3      | Noticed Jessica
  1596 | D:3      | Killed Jessica
  1855 | D:4      | Reached XP level 6. HP: 48/61 MP: 5/5
  1955 | D:4      | Noticed Sigmund
  1966 | D:4      | HP: 3/61 [something (6)]
  1966 | D:4      | HP: 1/61 [something (2)]
  1966 | D:4      | Killed from afar by an orc wizard

Illustrated notes

Levels and vault maps discovered:
D:1:      erik_arrival_blinker_ship, layout_loops_ring, due_unseen_surprise
D:2:      layout_basic, overflow_temple_1_default, makhleb_altar_promises_db
D:3:      layout_basic, grunt_ministairs_9, uniq_jessica, uniq_terence,
          uniq_natasha
D:4:      layout_basic, chequers_temple_overflow_statue_of_worship,
          minmay_misc_feat_nine_boxes, lightli_corner_chamber, uniq_sigmund,
          uniq_edmund, uniq_menkaure

Skill      XL: |  1  2  3  4  5 |
---------------+----------------+-----
Fighting       | 3 |  3.3
Unarmed Combat | 3 4 |  4.8
Shields        | 3 |  3.2
Dodging        | |  2.9
Stealth        | |  0.1

Action                   |  1- 3 |  4- 6 || total
-------------------------+-------+-------++-------
Melee: Unarmed           |   108 |   171 ||   279
  Use: Potion            |       |     3 ||     3
Armor: Robe              |    41 |    53 ||    94
Dodge: Dodged            |    32 |    56 ||    88
Block: Kite shield       |    42 |    88 ||   130

Table legend: (Time is in decaauts)
 A = Elapsed time spent in this place.
 B = Non-inter-level travel time spent in this place.
 C = Inter-level travel time spent in this place.
 D = Time resting spent in this place.
 E = Time spent auto-exploring this place.
 F = Levels seen in this place.
 G = Mean time per level.
                   A        B        C        D        E       F      G
               +--------+--------+--------+--------+--------+-----+--------+
         Total |   1992 |   1925 |     67 |      0 |   1371 |   4 |  498.0 |
       Dungeon |   1992 |   1925 |     67 |      0 |   1371 |   4 |  498.0 |
               +--------+--------+--------+--------+--------+-----+--------+

Top non-repeatable levels by time:
     D:3: 729 daAuts
     D:1: 701 daAuts
     D:2: 408 daAuts
     D:4: 154 daAuts
